[Event "*** Titled Tuesday Blitz"]
[Site "Chess.com"]
[Date "2021.03.02"]
[Round "3"]
[White "tjychess"]
[Black "Tekushka"]
[Result "1-0"]
[WhiteElo "2737"]
[BlackElo "2442"]
[TimeControl "180+1"]
[EndTime "10:29:09 PST"]
[Termination "tjychess won on time"]

1. d4 Nf6 2. c4 c6 3. Nf3 d5 4. Nc3 dxc4 5. a4 Bf5 6. e3 e6 7. Bxc4 Bb4 8. O-O O-O 9. Qe2 Bg6 10. Ne5 Nbd7 11. Nxg6 hxg6 12. e4 Nb6 13. e5 Nfd5 14. Ne4 Nxc4 15. Qxc4 f6 16. exf6 gxf6 17. Qd3 Kg7 18.
Bd2 Be7 19. Qh3 Rh8 20. Qxe6 Qc8 21. Qxc8 Raxc8 22. Rfe1 Kf7 23. Rad1 Rcd8 24. h3 Rd7 25. Bc3 Nc7 26. Rd3 Rhd8 27. Rf3 Rd5 28. Rfe3 R8d7 29.
g4 b5 30. b3 bxa4 31. bxa4 Na6 32. Kg2 Rb7 33. Rf3 Rb3 34. Ree3 Ra3 35. Bd2 Rxa4 36. Nc3 Rc4 37. Nxd5 cxd5 38. Rb3 Nc7 39. Rb7 Ne6 40. Be3 Rc6 41. Rxa7 Rb6 42. Ra5 Bd6 43. Rxd5 Bc7 44.
Rd7+ Ke8 45. Rh7 Nf8 46. Rh8 Kf7 47. Bh6 1-0

[Event "*** Titled Tuesday Blitz"]
[Site "Chess.com"]
[Date "2021.03.02"]
[Round "3"]
[White "Soltan49"]
[Black "kobemagic"]
[Result "0-1"]
[WhiteElo "2217"]
[BlackElo "2402"]
[TimeControl "180+1"]
[EndTime "10:29:09 PST"]
[Termination "kobemagic won on time"]

1. d4 Nf6 2. c4 c5 3. d5 b5 4. cxb5 a6 5. b6 d6 6. Nc3 Nbd7 7. e4 g6 8. a4 a5 9. Bb5 Bg7 10. Nge2 O-O 11. Bc6 Rb8 12. b7 Bxb7 13. Bb5 Qb6 14. O-O Ba6 15. Bxa6 Qxa6 16. Qc2 Ne8 17. Nb5 Nb6 18.
Nec3 Rb7 19. Bg5 h6 20. Bh4 g5 21. Bg3 Nc7 22. Nxc7 Rxc7 23. Nb5 Rb7 24. Na3 Nd7 25. Nb5 Rfb8 26. Rac1 Rxb5 27. axb5 Qxb5 28. Rb1 a4 29. h4 Nb6 30. hxg5 hxg5 31. Qd2 Bf6 32. Rfe1 Nc4 33. Qc2 Nxb2 34. e5 dxe5 35. Bxe5 a3 36. Qf5 a2 37. Rxb2 Qxb2 38. Bxb2 Rxb2 39. d6 Re2 40. Rxe2 a1=Q+ 41. Kh2 exd6 42. Re8+ Kg7 43. Re2 Qd4 44. g3 c4 45.
Rc2 c3 46. Re2 Qd1 47. Rc2 d5 48. Ra2 Qh5+ 49. Kg2 d4 50. Ra6 Qg6 51. Qxg6+ Kxg6 52. Kf3 Kf5 53. Ke2 Ke4 0-1

[Event "*** Titled Tuesday Blitz"]
[Site "Chess.com"]
[Date "2021.03.02"]
[Round "3"]
[White "mbojan"]
[Black "Murad_Ibrahimli"]
[Result "0-1"]
[WhiteElo "2626"]
[BlackElo "2858"]
[TimeControl "180+1"]
[EndTime "10:29:10 PST"]
[Termination "Murad_Ibrahimli won by checkmate"]

1. g3 c6 2. Bg2 d5 3. f4 Nf6 4. Nf3 g6 5. O-O Bg7 6. d3 O-O 7. Nbd2 Ng4 8. Nb3 Qb6+ 9. d4 a5 10. a4 Nf6 11. Ne5 Bf5 12. h3 Be4 13. Nc5 Bxg2 14.
Kxg2 Qc7 15. f5 b6 16. Ncd3 Ne4 17. fxg6 hxg6 18. Rf3 Nd7 19. Bf4 Nxe5 20. Bxe5 Bxe5 21. Nxe5 Kg7 22. Raa3 f6 23. Nd3 e5 24. Nf2 Nxf2 25.
Rxf2 e4 26. g4 Rh8 27. Rg3 Raf8 28. e3 Qd6 29. Qe1 Kf7 30. Rf4 Ke7 31. Rf1 Kd7 32. Qe2 Kc7 33. Qa6 Ra8 34. Qe2 Kb7 35. Rf4 Raf8 36.
Qf1 Rf7 37. Qe2 Rhf8 38. Qf2 f5 39. gxf5 Rxf5 40. Rgg4 Rxf4 41. exf4 Qe6 42. Qe3 Rf5 43. Kg3 Qd6 44. h4 Qf6 45. c3 b5 46. axb5 cxb5 47.
Qe2 Kb6 48. Qe3 a4 49. Qe2 Qc6 50. Qe3 Rf6 51. Rg5 Qc4 52. h5 gxh5 53. f5 h4+ 54.
Kxh4 Qf1 55. Rg6 Qxf5 56. Rxf6+ Qxf6+ 57. Kg4 Qf3+ 58. Qxf3 exf3 59. Kxf3 b4 60. cxb4 Kb5 61. Ke3 Kxb4 62. Kd2 Kb3 63. Kc1 Kc4 64. Kb1 Kxd4 65. Ka2 Kc4 66. Ka3 d4 67. Kxa4 d3 68. b3+ Kc3 69.
b4 d2 70. b5 d1=Q+ 71. Ka5 Kc4 72. Kb6 Qd5 73. Kc7 Kxb5 74. Kb8 Kc6 75. Ka7 Qb5 76. Ka8 Qb7# 0-1

[Event "*** Titled Tuesday Blitz"]
[Site "Chess.com"]
[Date "2021.03.02"]
[Round "3"]
[White "SARGISMV"]
[Black "Ginger_GM"]
[Result "0-1"]
[WhiteElo "2464"]
[BlackElo "2636"]
[TimeControl "180+1"]
[EndTime "10:29:10 PST"]
[Termination "Ginger_GM won on time"]

1. d4 e6 2. c4 f5 3. Nc3 Nf6 4. Nf3 Be7 5. Bf4 b6 6. e3 Bb7 7. Bd3 O-O 8. Qc2 Bb4 9. O-O Bxc3 10. Qxc3 a5 11. Nd2 Nc6 12. h3 Ne7 13. Rae1 Ng6 14.
Bh2 Ne4 15. Nxe4 fxe4 16. Bc2 d6 17. a3 a4 18. Qb4 Nh4 19. Bg3 Nf5 20. Bh2 Bc6 21.
c5 bxc5 22. dxc5 d5 23. Rd1 Qe7 24. Qc3 h5 25. Rd2 Rf7 26. Qe5 Re8 27. Bd1 Qg5 28. Kh1 Qg6 29. Be2 h4 30. Bd1 Ref8 31.
Rg1 Bb5 32. Bf4 Qh7 33. Bg4 Qg6 34. Rc1 Bc4 35. c6 Nh6 36. Rxc4 Nxg4 37. hxg4 dxc4 38.
g5 Rf5 39. Qxc7 h3 40. gxh3 Qh5 41. Kg2 Qf3+ 42. Kh2 Rxf4 43. exf4 Rxf4 44. Qd8+ Kh7 45. g6+ Kxg6 46. Qe8+ Kh7 47. Qxe6 e3 48. Re2 exf2 49. Qe4+ Qxe4 50. Rxf2 Rxf2+ 0-1

[Event "*** Titled Tuesday Blitz"]
[Site "Chess.com"]
[Date "2021.03.02"]
[Round "3"]
[White "Vallek86"]
[Black "bazar-wokzal"]
[Result "1-0"]
[WhiteElo "2363"]
[BlackElo "2526"]
[TimeControl "180+1"]
[EndTime "10:29:10 PST"]
[Termination "Vallek86 won on time"]

1. d4 Nf6 2. Bg5 e6 3. e4 h6 4. Bxf6 Qxf6 5. Nf3 g5 6. e5 Qg7 7. Bd3 g4 8. Nfd2 c5 9. Ne4 cxd4 10. Nf6+ Kd8 11.
O-O Nc6 12. Qe2 h5 13. f4 gxf3 14. Rxf3 Be7 15. Rg3 Qh6 16. Nd2 h4 17. Rf3 d6 18.
Ng4 Qg7 19. exd6 Bxd6 20. Ne4 Be7 21. Ngf6 Ne5 22. Rf4 h3 23. g3 b6 24. Raf1 Bb7 25.
Nh5 Qh6 26. Nef6 Nc6 27. c3 dxc3 28. bxc3 Bc5+ 29. R1f2 Kc7 30. Rh4 Qc1+ 31. Qf1 Bxf2+ 32. Kxf2 Qd2+ 33. Qe2 Qxe2+ 34. Kxe2 Ne5 35. Rxh3 Rad8 36. Be4 Ba6+ 37. Ke3 Nc4+ 38. Kf4 Rd2 39. Rh4 Rf2+ 40. Kg5 Kd6 41. Nf4 Rxh4 42. gxh4 Rxh2 43. h5 Ne3 44. h6 Ke5 45. N6h5 Kxe4 46. h7 1-0

[Event "*** Titled Tuesday Blitz"]
[Site "Chess.com"]
[Date "2021.03.02"]
[Round "3"]
[White "dachessmandan"]
[Black "felipelobo"]
[Result "0-1"]
[WhiteElo "2467"]
[BlackElo "2180"]
[TimeControl "180+1"]
[EndTime "10:29:11 PST"]
[Termination "felipelobo won on time"]

1. e4 c5 2. d3 g6 3. Nf3 Bg7 4. g3 Nc6 5. Bg2 Nf6 6. O-O d6 7. Nc3 O-O 8. Bf4 e5 9. Bg5 h6 10. Bd2 Nd4 11. Nxd4 cxd4 12. Ne2 d5 13. exd5 Nxd5 14.
f4 Ne3 15. Bxe3 dxe3 16. Qc1 exf4 17. Nxf4 e2 18. Nxe2 Qb6+ 19. d4 Bxd4+ 20. Nxd4 Qxd4+ 21. Kh1 Kg7 22. c3 Qe5 23. Qd2 Be6 24. Rae1 Qb5 25.
Qd4+ Kg8 26. Rf6 Rad8 27. Qf4 Qg5 28. Qxg5 hxg5 29. Bxb7 Rb8 30. Be4 Rxb2 31. Bxg6 Kg7 32. Rfxe6 fxe6 33. Bd3 Rff2 34. Rxe6 Rxh2+ 35. Kg1 Rbg2+ 36. Kf1 Rxa2 37. Kg1 Rag2+ 38. Kf1 Rf2+ 39. Kg1 Rhg2+ 40. Kh1 Rxg3 41. Be4 Rxc3 42. Kg1 Re2 43. Rg6+ Kf7 44. Kf1 Rxe4 45. Rxg5 Ra4 46. Ke2 Ra2+ 47. Kd1 Rh3 0-1

[Event "*** Titled Tuesday Blitz"]
[Site "Chess.com"]
[Date "2021.03.02"]
[Round "3"]
[White "juancruzarias"]
[Black "Beca95"]
[Result "0-1"]
[WhiteElo "2639"]
[BlackElo "2885"]
[TimeControl "180+1"]
[EndTime "10:29:13 PST"]
[Termination "Beca95 won by resignation"]

1. e4 e5 2. Nf3 Nc6 3. Nc3 Nf6 4. d4 Bb4 5. d5 Ne7 6. Bd3 Bxc3+ 7. bxc3 d6 8. h3 O-O 9. Be3 Ng6 10. Qd2 h6 11.
a4 a5 12. Rb1 Nd7 13. g3 Qf6 14.
Be2 Nc5 15. Bxc5 dxc5 16. Qe3 b6 17. Nd2 Bd7 18. Bb5 Bxb5 19. Rxb5 Ne7 20. Nc4 Nc8 21.
Rb1 Nd6 22. Nxd6 Qxd6 23. g4 Qd7 24. Ra1 Rad8 25. c4 Qe7 26. h4 Rd6 27. g5 Rg6 28.
Rg1 f5 29. Ra3 fxe4 30. Qh3 Qf7 31. Rg2 Qf5 32. Qxf5 Rxf5 33. Rag3 hxg5 34. hxg5 Rf4 35. Rg4 c6 36. dxc6 Rxc6 37. Rxf4 exf4 38. Rg4 Kh7 39. Rxf4 Kg6 40. Rxe4 Kxg5 41. Ke2 Kf5 42. Ke3 g5 43. Re8 Rd6 44. Rf8+ Kg4 45. Re8 Rd4 46. Re4+ Rxe4+ 47. Kxe4 Kh3 48. Kf3 Kh2 49. Ke3 g4 50. Ke2 Kg2 51. Ke1 Kf3 52. c3 Kf4 53. Ke2 Ke4 54. Ke1 Kd3 0-1

[Event "*** Titled Tuesday Blitz"]
[Site "Chess.com"]
[Date "2021.03.02"]
[Round "3"]
[White "LawrenceTrent"]
[Black "BrandonJacobson"]
[Result "0-1"]
[WhiteElo "2532"]
[BlackElo "2801"]
[TimeControl "180+1"]
[EndTime "10:29:13 PST"]
[Termination "BrandonJacobson won on time"]

1. d4 g6 2. e4 Bg7 3. Nc3 d6 4. Be3 a6 5. f4 b5 6. Nf3 Bb7 7. Bd3 Nd7 8. e5 c5 9. Be4 Bxe4 10. Nxe4 cxd4 11. Bxd4 dxe5 12. fxe5 Nf8 13. Neg5 Qd5 14.
e6 Nxe6 15. Bxg7 Qxd1+ 16. Rxd1 Nxg7 17. Ne5 Nh6 18. Ngf3 Nhf5 19. Kf2 f6 20. Nd3 Rc8 21. c3 Kf7 22. Nb4 a5 23. Nd5 Rhd8 24. g4 Nd6 25.
Rhe1 e6 26. Nf4 g5 27. Ng2 h6 28. h4 Nc4 29. Rxd8 Rxd8 30. b3 Nb2 31. Re2 Nd3+ 32. Kg3 Nc5 33. hxg5 hxg5 34. Nd4 b4 35. Nc6 Rd3+ 36.
Re3 bxc3 37. Rxd3 Nxd3 38. Ne3 Ne1 39. Nd4 e5 40. Ndc2 Nxc2 41. Nxc2 f5 42. a4 Ke6 43. b4 axb4 44. Nxb4 e4 45. gxf5+ Nxf5+ 46. Kg4 e3 47. Nc2 Ke5 48. a5 Nd4 49. Nxe3 Ke4 50.
Nc2 Nxc2 51. a6 Ne3+ 52. Kxg5 Nd5 53. a7 Nb6 0-1

[Event "*** Titled Tuesday Blitz"]
[Site "Chess.com"]
[Date "2021.03.02"]
[Round "3"]
[White "Sergey85Rodchenkov"]
[Black "dropstoneDP"]
[Result "0-1"]
[WhiteElo "2465"]
[BlackElo "2980"]
[TimeControl "180+1"]
[EndTime "10:29:13 PST"]
[Termination "dropstoneDP won by resignation"]

1. e4 c5 2. Nf3 Nc6 3. d4 cxd4 4. Nxd4 e5 5. Nb3 Nf6 6. Nc3 Bb4 7. Bc4 O-O 8. O-O Bxc3 9. bxc3 Nxe4 10. Ba3 d6 11. Qd3 Nf6 12. Bxd6 Bf5 13. Qxf5 Qxd6 14. Rad1 Qa3 15.
g4 Qa4 16. g5 Qxc4 17. gxf6 g6 18. Qg5 h6 19. Qxh6 Qg4+ 20. Kh1 Qf3+ 21. Kg1 Qg4+ 22.
Kh1 Qf3+ 23. Kg1 Qxf6 24. Rd3 Rad8 25. Rfd1 e4 26. Rxd8 Rxd8 27. Rxd8+ Qxd8 28. Qe3 Qd1+ 29. Kg2 Qxc2 30. Nc5 Qxa2 31. Qxe4 Qa5 32. Nxb7 Qxc3 33. Qe8+ Kg7 34. Nd6 Ne5 35. Qe7 Qf3+ 36. Kg1 Qd1+ 37.
Kg2 Qd5+ 38. Kf1 Qh1+ 39. Ke2 Qf3+ 40. Kf1 Qh3+ 41. Ke1 Nf3+ 42. Ke2 Qe6+ 43. Qxe6 Nd4+ 44. Kd3 Nxe6 45. Ke4 a5 46. Nc4 a4 47. Ke5 Ng5 48. Kf4 f6 49. h4 Ne6+ 50. Ke4 Kh6 51. f4 Ng7 52. Kd5 Kh5 53. Kd6 Kxh4 54. Ke7 Nh5 55. Ke6 Kg4 56. Kf7 Kf5 57. Nd6+ Kxf4 58. Kxg6 a3 0-1

[Event "*** Titled Tuesday Blitz"]
[Site "Chess.com"]
[Date "2021.03.02"]
[Round "3"]
[White "mbachez"]
[Black "GMJustin"]
[Result "1-0"]
[WhiteElo "2461"]
[BlackElo "2247"]
[TimeControl "180+1"]
[EndTime "10:29:13 PST"]
[Termination "mbachez won on time"]

1. e4 c5 2. Nf3 d6 3. Bb5+ Bd7 4. Bxd7+ Qxd7 5. O-O Nf6 6. Re1 Nc6 7. c3 e6 8. d4 cxd4 9. cxd4 d5 10. e5 Ne4 11.
Nbd2 Nxd2 12. Bxd2 Bb4 13. Bxb4 Nxb4 14. Qd2 Nc6 15. h4 O-O 16. h5 f6 17. exf6 Rxf6 18.
Ne5 Nxe5 19. Rxe5 Raf8 20. f3 Rf5 21. Rae1 Rxe5 22. Rxe5 Rf5 23. Rxf5 exf5 24. h6 g6 25. Qe3 Kf7 26. Qe5 Qe6 27. Qg7+ Ke8 28. Kh2 Qe7 29. Qg8+ Qf8 30. Qxh7 Qf6 31. Kh3 Qg5 32. Qg8+ Ke7 33. Qg7+ Kd6 34. Qe5+ Kc6 35. Qe6+ Kc7 36. Qf7+ Kc6 37. Qe8+ Kc7 38. h7 Qh6+ 39. Kg3 Qxh7 40. Qe5+ Kc6 41. Qe6+ Kc7 42. Qxd5 Qh6 43. Qc5+ Kd7 44.
Qd5+ Kc7 45. Qe5+ Kd7 46. Qf4 Qh5 47. Qh4 f4+ 48. Qxf4 1-0

[Event "*** Titled Tuesday Blitz"]
[Site "Chess.com"]
[Date "2021.03.02"]
[Round "3"]
[White "Lovkov_Roman"]
[Black "mishanick"]
[Result "0-1"]
[WhiteElo "2708"]
[BlackElo "3016"]
[TimeControl "180+1"]
[EndTime "10:29:14 PST"]
[Termination "mishanick won on time"]

1. e4 c5 2. d4 cxd4 3. c3 d3 4. Bxd3 Nc6 5. c4 g6 6. Nc3 Bg7 7. Be3 Nf6 8. h3 d6 9. Nf3 Be6 10. O-O O-O 11. Rc1 Rc8 12. b3 Nd7 13. Bb1 Nc5 14. Nd5 b6 15. Qd2 Re8 16. b4 Nd7 17. a3 Nce5 18. Nxe5 Nxe5 19. Qe2 Qd7 20. f4 Nc6 21. Qd2 f5 22. Rce1 Bf7 23. exf5 gxf5 24.
Qd3 e6 25. Nc3 d5 26. cxd5 exd5 27. Ne2 d4 28. Bd2 Be6 29. Ng3 Ne7 30. Rc1 Red8 31.
Rfe1 Kh8 32. Nh5 Ng6 33. Nxg7 Kxg7 34. Rxc8 Rxc8 35. Rd1 Rd8 36. Qg3 Qd5 37. Bc3 Qc4 38. Bb2 Kf7 39. Qf2 d3 40. g3 Qe4 41. Qg2 Bd5 42.
Qxe4 fxe4 43. Kf2 h5 44. Ke3 Ne7 45. g4 Bb3 46. Rg1 d2 47. Bxe4 d1=Q 48. Rxd1 Rxd1 49. gxh5 Re1+ 50. Kf3 Bd1+ 0-1

[Event "*** Titled Tuesday Blitz"]
[Site "Chess.com"]
[Date "2021.03.02"]
[Round "3"]
[White "KruHor"]
[Black "BvsN"]
[Result "1/2-1/2"]
[WhiteElo "2524"]
[BlackElo "2315"]
[TimeControl "180+1"]
[EndTime "10:29:14 PST"]
[Termination "Game drawn by repetition"]

1. e4 c5 2. Nf3 e6 3. c3 Nf6 4. e5 Nd5 5. d4 cxd4 6. cxd4 d6 7.
Bc4 Nc6 8. O-O Nb6 9. Bd3 Nb4 10. Be2 Be7 11. Nc3 O-O 12. exd6 Qxd6 13. a3 N4d5 14. Ne4 Qd8 15. Bd3 Bd7 16. Re1 Rc8 17. Ne5 Bc6 18.
Qh5 g6 19. Qh6 Bf6 20. Bg5 Bg7 21. Qh3 Qc7 22. Bh6 Qe7 23. Rad1 Rce8 24. Bc1 f6 25. Nf3 Qf7 26. Nd6 Qd7 27. Nxe8 Rxe8 28. Bh6 Qf7 29. Bxg7 Qxg7 30. Rxe6 Rf8 31. Qg3 Bd7 32. Ree1 Nc8 33. h4 Nce7 34. Bc4 Bc6 35. Re6 Kh8 36. Rde1 Nf5 37. Qh2 Nb6 38. Bb3 Bxf3 39. gxf3 Nxd4 40. R6e3 Nf5 41. Re8 Nd7 42. Qc7 Nxh4 43. Rxf8+ Qxf8 44. Qxd7 Nxf3+ 45. Kf1 Nxe1 46. Kxe1 h5 47. Qxb7 h4 48. Qe4 f5 49. Qxh4+ Kg7 50. Qd4+ Kh6 51. Qh4+ Kg7 52.
Qd4+ Kh6 53. Qh4+ Kg7 1/2-1/2

[Event "*** Titled Tuesday Blitz"]
[Site "Chess.com"]
[Date "2021.03.02"]
[Round "3"]
[White "Hypercar"]
[Black "fabianvivasz"]
[Result "1/2-1/2"]
[WhiteElo "2523"]
[BlackElo "2341"]
[TimeControl "180+1"]
[EndTime "10:29:14 PST"]
[Termination "Game drawn - insufficient material"]

1. d4 Nf6 2. c4 g6 3. Nf3 Bg7 4.
e3 O-O 5. Be2 d5 6. O-O c5 7. dxc5 Na6 8. cxd5 Qxd5 9. Nc3 Qxc5 10.
Nd4 Rd8 11. Qb3 Qa5 12. Bd2 Nc5 13. Qc2 Qc7 14. Rfc1 b6 15. b4 Ne6 16. Ncb5 Qxc2 17. Rxc2 Nxd4 18. Nxd4 Bb7 19. Rc7 Rd7 20. Rac1 Rad8 21.
Be1 Rxc7 22. Rxc7 Rd7 23. Rc1 e5 24. Nb5 Bf8 25. Nxa7 Bd5 26. Nb5 Bxa2 27. f3 Nd5 28. Kf2 Nxb4 29. Rc8 Nd5 30. e4 Nf4 31. Bb4 Ne6 32.
Nc3 Bb3 33. Bb5 Rd8 34. Rxd8 Nxd8 35. Bxf8 Kxf8 36. Ke3 Ke7 37. g3 Kd6 38. Be8 f6 39. h4 Ne6 40. Bf7 Nd4 41. Be8 Kc5 42. h5 g5 43. h6 b5 44. Nd5 Bxd5 45. exd5 Nf5+ 46. Kd3 Nxh6 47. d6 Kxd6 48. Bxb5 Nf5 49. g4 Nh4 50. Ke4 f5+ 51. gxf5 h5 52. Be8 Ke7 53.
Bxh5 Kf6 54. Bg4 Ng2 55. Kd5 Ne3+ 56. Ke4 Ng2 57. Kd3 Nh4 58. Ke3 Nxf5+ 59. Kf2 Nh6 60.
Bc8 g4 61. fxg4 Kg5 62. Kg3 Nf7 63. Bf5 Nd6 64. Be6 Ne4+ 65. Kf3 Nf6 66. Bf5 Ne8 67. Ke4 Nf6+ 68. Kf3 Nxg4 69. Bxg4 e4+ 70. Kg3 e3 71. Be2 Kf5 72. Kf3 Ke5 73. Kg3 Kd5 74. Kf4 Kd4 75.
Kf3 Kc3 76. Ba6 Kd2 77. Be2 Ke1 78. Bc4 e2 79. Ke3 Kf1 80. Bxe2+ 1/2-1/2

[Event "*** Titled Tuesday Blitz"]
[Site "Chess.com"]
[Date "2021.03.02"]
[Round "3"]
[White "rychessmaster1"]
[Black "anon219"]
[Result "0-1"]
[WhiteElo "2616"]
[BlackElo "2848"]
[TimeControl "180+1"]
[EndTime "10:29:15 PST"]
[Termination "anon219 won by resignation"]

1. d4 Nf6 2. Nc3 d5 3. Bf4 a6 4. e3 c5 5. dxc5 e6 6. Na4 Bxc5 7. Nxc5 Qa5+ 8. c3 Qxc5 9. Nf3 Nc6 10. Bd3 Qe7 11.
Ne5 Nd7 12. Nxd7 Bxd7 13. O-O e5 14. Bg3 O-O 15. Qb3 Be6 16. Qc2 h5 17. h3 h4 18.
Bh2 Rad8 19. Rad1 f5 20. Rfe1 Qf6 21. Bf1 Rd7 22. a4 g5 23. Kh1 Kh8 24. Be2 g4 25. Rg1 Rg7 26. g3 hxg3 27. Rxg3 f4 28. exf4 Bf5 29.
Bd3 exf4 30. Rg2 Bc8 31. hxg4 Bxg4 32. Rxg4 Rxg4 33. Be2 Rh4 34. Rxd5 Qh6 35. Bf3 Rxh2+ 36. Kg1 Rg8+ 37. Kf1 Rh1+ 38. Ke2 Re8+ 39. Kd2 Rh2 40. Qd3 Qh7 41. Qf1 Ne5 42. Bg2 f3 43. Rxe5 Rxe5 44.
Bxf3 Qd7+ 45. Kc2 Qf5+ 46. Kb3 Qxf3 47. Qc4 Qf8 48. Qd4 Qg7 49. Ka3 Re8 50. f4 Qxd4 0-1

[Event "*** Titled Tuesday Blitz"]
[Site "Chess.com"]
[Date "2021.03.02"]
[Round "3"]
[White "VladaSviridova"]
[Black "frenchpin"]
[Result "0-1"]
[WhiteElo "2233"]
[BlackElo "2503"]
[TimeControl "180+1"]
[EndTime "10:29:15 PST"]
[Termination "frenchpin won on time"]

1. d4 e6 2. c4 Nf6 3. Nf3 d5 4. Nc3 dxc4 5. Bg5 Bb4 6. e4 c5 7.
Bxc4 cxd4 8. Nxd4 Qa5 9. Bd2 O-O 10. Nb3 Qc7 11. Be2 Bxc3 12. Bxc3 Nxe4 13. Rc1 Nxc3 14. Rxc3 Nc6 15. O-O e5 16. Bf3 Bf5 17. Bxc6 bxc6 18. Qf3 Bd7 19. Nc5 Rfc8 20. Rfc1 Be8 21. b3 Qe7 22. h3 a5 23. Re1 Rab8 24. Qe4 f6 25.
Qg4 Bg6 26. h4 f5 27. Qa4 Rb5 28. g3 Rxc5 29. Rxc5 Qxc5 30. h5 Bxh5 31. Qh4 Bf7 32. Qg5 e4 33. Rxe4 h6 34. Qe7 fxe4 35. Qxc5 a4 36.
bxa4 Bd5 37. a5 Ra8 38. a4 Ra6 39. g4 Kf7 40. Kh2 Ke6 41. Kg3 g5 42. Qb4 Ke5 43. Qe7+ Kd4 44. Qf6+ Kd3 45. Qxh6 Rxa5 46. Qxg5 Rxa4 47.
Qe3+ Kc4 48. g5 Rb4 49. Qe2+ Kc5 50. g6 Rb3+ 51. Kh4 Rf3 52. g7 Rf6 53. Qc2+ Kd6 54. Qc3 Rg6 55. Kh5 Rg1 0-1

[Event "*** Titled Tuesday Blitz"]
[Site "Chess.com"]
[Date "2021.03.02"]
[Round "3"]
[White "tgpgoat"]
[Black "SHIVACalypso"]
[Result "0-1"]
[WhiteElo "2096"]
[BlackElo "2341"]
[TimeControl "180+1"]
[EndTime "10:29:15 PST"]
[Termination "SHIVACalypso won on time"]

1. d4 e6 2. Nf3 Nf6 3. Bg5 d5 4. Nbd2 c5 5. e4 Be7 6. e5 Nfd7 7. Bxe7 Qxe7 8. c3 Nc6 9. Bd3 f6 10. exf6 Nxf6 11. O-O O-O 12. Re1 cxd4 13. cxd4 Bd7 14.
Nb3 b6 15. Ne5 Qd6 16. Qe2 Rae8 17. Bb5 Ne4 18. f3 Nxd4 19. Nxd4 Qxe5 20. Nb3 Bxb5 21. Qxb5 Nd6 22. Qd7 Qf4 23. Qxa7 Nc4 24. Qd7 Qf6 25. Re2 Re7 26. Qc6 Rfe8 27. Rae1 Kf7 28. a3 h6 29.
Nc1 Qd4+ 30. Kh1 Qc5 31. Qxc5 bxc5 32. Nd3 Rb7 33. Nxc5 Rb6 34. b4 Rc6 35. Ra2 Nb6 36.
a4 Ra8 37. a5 Nc8 38. Rc2 Na7 39. Rec1 Nb5 40. Re2 Rac8 41. Rce1 Nd4 42. Re5 Nb5 43.
Rxe6 Rxe6 44. Rxe6 Rxc5 0-1

[Event "*** Titled Tuesday Blitz"]
[Site "Chess.com"]
[Date "2021.03.02"]
[Round "3"]
[White "Alniro4"]
[Black "Frogo47"]
[Result "0-1"]
[WhiteElo "2308"]
[BlackElo "2531"]
[TimeControl "180+1"]
[EndTime "10:29:16 PST"]
[Termination "Frogo47 won on time"]

1. e4 c5 2. Nf3 d6 3. d4 cxd4 4.
Nxd4 Nf6 5. Nc3 a6 6. Be3 e5 7. Nb3 Be6 8. Qd2 Nbd7 9. O-O-O Rc8 10. f3 h5 11. Kb1 Be7 12. Be2 b5 13. g3 b4 14. Nd5 Nxd5 15. exd5 Bf5 16. Bd3 Bxd3 17. Qxd3 a5 18. Qb5 Ra8 19. Nd2 O-O 20. Nc4 Qc7 21. Qc6 Rfc8 22. Qxc7 Rxc7 23. Nd2 f5 24. h4 a4 25. Bg5 Nf6 26. Bxf6 Bxf6 27. b3 axb3 28.
Nxb3 Rca7 29. Nc1 Ra3 30. Rd3 e4 31. fxe4 fxe4 32. Rb3 Rxb3+ 33. cxb3 Bc3 34. Ne2 Be5 35. Re1 Ra5 36. Nf4 Bxf4 37. gxf4 Rxd5 38. Rxe4 Rb5 39. Kc2 Kf7 40. Kd3 Ra5 41. Re2 Rc5 42. Re4 Ra5 43. Rxb4 Rxa2 44. Rb7+ Kf6 45. Rb6 Ke6 46. Rb7 g6 47. Rg7 Kf5 48. Rd7 Ra6 49. Rf7+ Kg4 50. Rg7 d5 51. Kd4 Kxh4 52. Kxd5 Kg4 53.
Ke4 Re6+ 54. Kd5 Rb6 55. Ke4 Rb4+ 56. Ke5 Rb5+ 57. Ke4 Rb6 0-1

[Event "*** Titled Tuesday Blitz"]
[Site "Chess.com"]
[Date "2021.03.02"]
[Round "3"]
[White "KhamzinOlzhas"]
[Black "Manukyan_Artak"]
[Result "0-1"]
[WhiteElo "2520"]
[BlackElo "2340"]
[TimeControl "180+1"]
[EndTime "10:29:17 PST"]
[Termination "Manukyan_Artak won on time"]

1. d4 Nf6 2. c4 e6 3. Nc3 Bb4 4. Nf3 d5 5. Qa4+ Nc6 6. e3 O-O 7. Qc2 a5 8. Bd2 Re8 9. a3 Bxc3 10. Bxc3 Ne4 11. Bd3 f5 12. O-O a4 13. Be1 h6 14.
cxd5 exd5 15. Bb5 Bd7 16. Bxa4 Nxd4 17. exd4 Bxa4 18. b3 Bb5 19. Ne5 c5 20. f3 Bxf1 21. fxe4 Ba6 22. exf5 cxd4 23. Bg3 Qf6 24. Re1 d3 25. Qc5 Rad8 26. Qd4 Qxf5 27. h3 Re6 28. Kh2 Rde8 29. Re3 d2 30. Qxd5 Kh7 31. Qxd2 Rxe5 32. Bxe5 Rxe5 33. Rf3 Qe4 34. a4 b6 35. Qd7 Re7 36.
Qd8 Bb7 37. Rg3 Re6 38. Qc7 Rg6 39. Rxg6 Kxg6 40. Qxb6+ Kh7 41. Qf2 Qe5+ 42. Qg3 Qxg3+ 43.
Kxg3 Kg6 44. Kf4 Bxg2 45. h4 Kf6 46. b4 g5+ 47. hxg5+ hxg5+ 48. Ke3 Bc6 49. b5 Bd7 50. Kd4 g4 51. Kc5 g3 0-1

[Event "*** Titled Tuesday Blitz"]
[Site "Chess.com"]
[Date "2021.03.02"]
[Round "3"]
[White "KRSilva"]
[Black "DvaHrasta"]
[Result "1-0"]
[WhiteElo "2230"]
[BlackElo "2408"]
[TimeControl "180+1"]
[EndTime "10:29:17 PST"]
[Termination "KRSilva won on time"]

1. d4 Nf6 2. Nf3 e6 3. e3 b6 4.
Bd3 Bb7 5. Nbd2 d5 6. b3 Bd6 7. Bb2 O-O 8. O-O Nbd7 9. c4 c5 10. Rc1 Rc8 11. Ne5 cxd4 12. exd4 dxc4 13. bxc4 Qc7 14.
Qe2 Rfd8 15. f4 g6 16. Ndf3 Bxf3 17. Rxf3 Bf8 18. Re1 Nb8 19. Rg3 Bg7 20. h4 Nc6 21. d5 exd5 22. cxd5 Rxd5 23. Bc4 Rxe5 24. fxe5 Nh5 25.
Rf3 Nd8 26. Bb3 Qe7 27. e6 Nxe6 28. Bxg7 Nhxg7 29. g3 h5 30. Qe5 Qc5+ 31. Qxc5 Rxc5 32. Rd3 Rc7 33. Re2 Kf8 34. Kg2 Ke7 35. Rf2 Nf5 36. Bd5 Rc5 37. Be4 b5 38. Bxf5 gxf5 39. Rfd2 a5 40.
Rd7+ Kf6 41. Ra7 b4 42. Rdd7 Rc2+ 43. Kh3 Rxa2 44. Rxf7+ Ke5 45. Rfb7 Nc5 46. Rb5 Kd4 47. Rc7 Ne4 48. Rxf5 b3 49. Rb7 b2 50. Rf4 Ke3 51.
Rb3+ 1-0

[Event "*** Titled Tuesday Blitz"]
[Site "Chess.com"]
[Date "2021.03.02"]
[Round "3"]
[White "CakeinSpace2002"]
[Black "MatyChess1"]
[Result "1-0"]
[WhiteElo "2413"]
[BlackElo "2580"]
[TimeControl "180+1"]
[EndTime "10:29:18 PST"]
[Termination "CakeinSpace2002 won by resignation"]

1. d4 d5 2. c4 e6 3. Nc3 Bb4 4.
e3 Nf6 5. Nf3 O-O 6. Bd2 b6 7.
Bd3 dxc4 8. Bxc4 Bb7 9. O-O Nbd7 10. Qe2 a6 11. Rfd1 Qe7 12. a3 Bd6 13. e4 e5 14.
d5 b5 15. Ba2 h6 16. Nh4 Nh7 17. Nf5 Qf6 18. Qg4 Kh8 19. h4 Nc5 20. Be3 h5 21. Qf3 Nd7 22. a4 b4 23. Ne2 a5 24. Rac1 Ba6 25. Bc4 g6 26. Bxa6 Rxa6 27. Nxd6 Qxf3 28. gxf3 cxd6 29. Rc6 Rfa8 30. Rdc1 Nhf8 31. b3 f5 32. Bg5 Kg8 33. Be7 Nc5 34. Bxd6 Nxb3 35. Rxa6 Rxa6 36. Rc6 Rxc6 37. dxc6 Ne6 38. Bxe5 Nd2 39.
c7 Nxf3+ 40. Kg2 Nxc7 41. Bxc7 fxe4 42. Bxa5 b3 43. Bc3 Nxh4+ 44. Kh3 Nf3 45. a5 g5 46. a6 g4+ 47. Kg3 Kf7 48. a7 Kg6 49. a8=Q Kf5 50. Qd5+ Kg6 51. Qxe4+ 1-0

[Event "*** Titled Tuesday Blitz"]
[Site "Chess.com"]
[Date "2021.03.02"]
[Round "3"]
[White "ValeriyGrinev"]
[Black "anpospan"]
[Result "1-0"]
[WhiteElo "2565"]
[BlackElo "2377"]
[TimeControl "180+1"]
[EndTime "10:29:19 PST"]
[Termination "ValeriyGrinev won on time"]

1. e4 b6 2. d4 Bb7 3. Bd3 e6 4. Qe2 d6 5. Nf3 Nd7 6. O-O e5 7. d5 Be7 8. c4 a5 9. Nc3 Nc5 10. Bc2 Bc8 11. Ne1 Nf6 12. a3 O-O 13. Rb1 a4 14.
Nd3 Bd7 15. Nxc5 bxc5 16. Qd1 Qe8 17. Bg5 h6 18. Bh4 g5 19. Bg3 h5 20. h4 Ng4 21.
hxg5 Bxg5 22. Qe2 h4 23. Bh2 Nxh2 24. Kxh2 f6 25. Nd1 Qg6 26. Rh1 h3 27. g3 f5 28.
exf5 Bxf5 29. Bxf5 Qxf5 30. Ra1 e4 31. Kg1 Rae8 32.
Ne3 Qf3 33. Qxf3 exf3 34. Re1 Bxe3 35. Rxe3 Rxe3 36. fxe3 f2+ 37. Kf1 Rf3 38. Rxh3 Rxe3 39. Rh2 Rxg3 40. Rxf2 Rg4 41. Rc2 Re4 42. Kf2 Kf7 43.
Kf3 Re1 44. Rh2 Kf6 45. Rh7 Rb1 46. Rxc7 Rxb2 47. Ra7 Rb3+ 48. Ke4 Rxa3 49. Rd7 Ra1 50.
Rxd6+ Ke7 51. Ra6 a3 52. d6+ Kd7 53. Kd5 a2 54. Kxc5 Kd8 55. Kc6 Ke8 56. Ra8+ Kf7 57. d7 Rc1 58. d8=Q Rxc4+ 59. Kd5 Rc2 60. Ra7+ Kg6 61.
Qg8+ 1-0